 Dungeon Crawl Stone Soup version 0.23.1 (webtiles) character file.

Game seed: 2163888381524501320

52 Jannitor the Skirmisher (level 3, 0/29 HPs)
             Began as a Mummy Chaos Knight on Mar 3, 2019.
             Was a Plaything of Xom.
             Slain by an orc priest
             ... wielding a cursed -3 short sword
              (4 damage)
             ... on level 2 of the Dungeon.
             The game lasted 00:03:15 (1461 turns).

Jannitor the Skirmisher (Mummy Chaos Knight)        Turns: 1461, Time: 00:03:15

Health: 0/29       AC:  6    Str: 16    XL:     3   Next: 60%
Magic:  12/12      EV:  6    Int: 11    God:    Xom [...*..]
Gold:   45         SH: 11    Dex: 11    Spells: 2/2 levels left

rFire    x . .     SeeInvis .   a - +0 mace (chaos)
rCold    + . .     Gourm    .   c - +0 large shield
rNeg     + + +     Faith    .   e - +2 leather armour
rPois    ∞         Spirit   .   (no helmet)
rElec    .         Reflect  .   (no cloak)
rCorr    .         Harm     .   p - +0 pair of gloves
MR       .....                  (no boots)
Stlth    +.........             (no amulet)
HPRegen  0.09/turn              m - ring of magical power
MPRegen  0.13/turn              (no ring)

@: about to teleport
A: no food or potions, fire vulnerability, cold resistance 1, negative energy
resistance 3, torment resistance, unbreathing
a: Renounce Religion


You were on level 2 of the Dungeon.
You worshipped Xom.
You were a favourite toy of Xom.
You were not hungry.

You visited 1 branch of the dungeon, and saw 3 of its levels.

You collected 45 gold pieces.

Inventory:

Hand Weapons
 a - a +0 mace of chaos (weapon)
 b - a +0 hunting sling
Missiles
 f - 28 stones (quivered)
 i - 7 tomahawks of dispersal
Armour
 c - a +0 large shield (worn)
 e - a +2 leather armour (worn)
 p - a +0 pair of gloves (worn)
Jewellery
 m - a ring of magical power (left hand)
Wands
 k - a wand of digging (6)
Scrolls
 d - 2 scrolls of teleportation
 g - 2 scrolls of remove curse {unknown}
 h - a scroll of amnesia {unknown}
 j - 4 scrolls of identify
 l - a scroll of noise {unknown}
 n - a scroll of fog {unknown}
 o - a scroll of fear {unknown}


   Skills:
 + Level 3.4 Fighting
 + Level 2.9 Maces & Flails
 + Level 2.1 Armour
 - Level 0.7 Dodging
 + Level 1.0 Shields


You had 2 spell levels left.
You didn't know any spells.
Your spell library was empty.

Dungeon Overview and Level Annotations

Branches:
Dungeon (3/15)

Altars:
Xom

Annotations:
D:2 Sigmund


Innate Abilities, Weirdness & Mutations

You do not eat or drink.
Your flesh is vulnerable to fire.
You are immune to poison.
Your flesh is cold resistant. (rC+)
You are immune to negative energy. (rN+++)
You are immune to unholy pain and torment.
You can survive without breathing.


Message History

The orc priest mumbles some strange prayers to Beogh against you.
Beogh smites you!
* * * LOW HITPOINT WARNING * * *
Unknown command.
Your shield prevents you from hitting the orc priest.
You block the orc priest's attack.
Evoke which item? (* to show all) (? for menu, Esc to quit)
Okay, then.
Unknown command.
You hit the orc priest but do no damage.
You block the orc priest's attack. x2
As you read the scroll labeled PALIC CIOM, it crumbles to dust.
It is a scroll of identify.
d - 3 scrolls of teleportation The orc priest completely misses you.
As you read the scroll of teleportation, it crumbles to dust.
You feel strangely unstable.
The orc priest hits you with a cursed -3 short sword.
You die...
Xom titters!

### ##..................... ..###
####......................
#...####....#..................<.
###.##...####..........#.....##..
.##.........#..........##########
............#..........#
............##........#
##r#........###.o....#
#.#........# ##@#.###
#..........# #.÷.# ###>########
##..# ####.......######†.#
......%.........#..###
###..................########
###.........................#
.##......_...##########.....#
.............# #######


You could see an orc priest.

Vanquished Creatures
  2 adders
  An ooze (D:1)
  A leopard gecko (D:2)
  2 orcs (D:3)
  A ball python (D:1)
  3 bats
  3 giant cockroaches
  4 hobgoblins
  4 frilled lizards (D:1)
  3 goblins
  3 rats
27 creatures vanquished.

Notes
Turn   | Place    | Note
-------+----------+-------------------------------------------
     0 | D:1      | Jannitor the Mummy Chaos Knight began the quest for the
                  | Orb.
     0 | D:1      | Reached XP level 1. HP: 18/18 MP: 1/1
   170 | D:1      | XOM: harmless Pois miscast
   214 | D:1      | XOM: divination: detect creatures
   234 | D:1      | Reached XP level 2. HP: 24/24 MP: 2/2
   244 | D:1      | XOM: god gift: scroll labeled PIME MOPRIL {god gift}
   918 | D:2      | Reached XP level 3. HP: 29/29 MP: 3/3
   974 | D:2      | XOM: scenery: create altars
  1046 | D:2      | Noticed Sigmund
  1223 | D:2      | XOM: cloud trail
  1295 | D:2      | Reached skill level 1 in Shields
  1431 | D:3      | XOM: confuse monster(s)
  1461 | D:2      | Slain by an orc priest

Skill      XL: |  1  2  3 |
---------------+----------+-----
Armour         | 2 |  2.1
Shields        | 1 |  1.0
Fighting       | |  3.4
Maces & Flails | |  2.9
Dodging        | |  0.7

Action                   || total
-------------------------++-------
Melee: Mace              ||    77
 Fire: Hunting sling     ||    39
  Use: Scroll            ||     3
Armor: Leather armour    ||    37
Dodge: Dodged            ||    23
Block: Large shield      ||    56
